 Dungeon Crawl Stone Soup version bcrawl-1.27.3 (webtiles) character file.

Game seed: 12927633993466130004

110236 MisterOstroum the Skirmisher (level 4, -2/41 HPs)
             Began as a Draconian Monk on Sept 7, 2020.
             Was a Follower of Ashenzari.
             Slain by a sky beast (6 damage)
             ... on level 4 of the Dungeon.
             The game lasted 00:05:15 (2765 turns).

MisterOstroum the Skirmisher (Draconian Monk)       Turns: 2765, Time: 00:05:15

Health: -2/41      AC:  8    Str: 15    XL:     4   Next: 56%
Magic:  5/5        EV: 13    Int: 10    God:    Ashenzari [*.....]
Gold:   182        SH:  0    Dex: 13    Spells: 3/3 levels left

rFire    . . .     SeeInvis .   z - +0 trident (curse)
rCold    . . .     Gourm    +   (no shield)
rNeg     . . .     Faith    .   (armour unavailable)
rPois    .         Spirit   .   b - +0 hat (curse)
rElec    .         Reflect  .   (no cloak)
rCorr    .         Harm     .   q - +0 pair of gloves (curse)
MR       .....                  s - +1 pair of boots (curse)
Stlth    ++........             p - amulet of the gourmand (curse)
HPRegen  0.13/turn              (no ring)
MPRegen  0.09/turn              (no ring)

@: no status effects
A: unfitting armour, cold-blooded, AC +5
a: Curse Item, Scrying, Renounce Religion


You were on level 4 of the Dungeon.
You worshipped Ashenzari.
Ashenzari was aware of your devotion.
You were not hungry.

You visited 1 branch of the dungeon, and saw 4 of its levels.

You collected 182 gold pieces.

Inventory:

Hand Weapons
 t - a +0 dagger of pain
 v - a cursed +0 war axe
 z - a cursed +0 trident (weapon)
Missiles
 g - 978 stones (quivered)
 l - 126 bolts
 y - 161 arrows
Armour
 b - a cursed +0 hat (worn)
 q - a cursed +0 pair of gloves (worn)
 s - a cursed +1 pair of boots (worn)
Jewellery
 c - an uncursed amulet of guardian spirit
 p - a cursed amulet of the gourmand (around neck)
Scrolls
 d - 3 scrolls of remove curse {@r2}
 j - a scroll of enchant weapon {unknown}
 k - 2 scrolls of enchant armour {unknown}
 m - a scroll of fear {unknown}
 n - a scroll of noise {unknown}
 r - 2 scrolls of teleportation
 u - 2 scrolls of blinking
 w - a scroll of fog {unknown}
 x - a scroll of magic mapping {unknown}
Potions
 f - a potion of brilliance {unknown}
 h - 2 potions of haste
 i - 4 potions of flight
 o - a potion of lignification {unknown}
Comestibles
 a - 4 chunks of flesh
 e - 4 rations {!d}


   Skills:
 + Level 4.7 Fighting
 * Level 4.3 Polearms
 + Level 2.7 Dodging
 - Level 2.0 Stealth
   Level 2.1 Invocations


You had 3 spell levels left.
You didn't know any spells.
Your spell library was empty.

Dungeon Overview and Level Annotations

Branches:
Dungeon (4/12)
 Temple: D:4-7

Altars:
Ashenzari
Zin


Innate Abilities, Weirdness & Mutations

Your plain brown scales are hard. (AC +5)
You cannot fit into any form of body armour.
You are cold-blooded and may be slowed by cold attacks.


Message History

Really wield
z - a cursed +0 trident?
It sticks to your hand!
Your weapon hand is bound.
You are moderately bound.
z - a cursed +0 trident (weapon)
Drop what? 26/52 slots (_ for help) (? for menu, Esc to quit)
You drop a +0 spear.
The hobgoblin is too close now for your liking.
A hobgoblin is nearby!
The hobgoblin shouts!
You hit the hobgoblin.
The hobgoblin is severely wounded.
The hobgoblin closely misses you.
You hit the hobgoblin.
You kill the hobgoblin!
No target in view!
No target in view!
No target in view!
No target in view!
No target in view!
No target in view!
No target in view!
You now have 182 gold pieces (gained 8).
You butcher the hobgoblin corpse.
a - 4 chunks of flesh
Things that are here:
a cursed -1 club; a hobgoblin skeleton
Things that are here:
a cursed -1 club; a hobgoblin skeleton Key pressed, stopping explore.
No target in view!
No target in view!
No target in view!
No target in view!
No target in view!
No target in view!
No target in view!
No target in view!
g - 978 stones (gained 128)
Your magical contamination has completely faded away.
You see here a +3 dagger.
A sky beast comes into view.
You have encountered a dangerous foe!
Found a stone staircase leading up.
Attack whom?
Press: ? - help, Dir - move target cursor, f - sky beast
Aim: a sky beast You reach to attack!
You hit the sky beast.
The sky beast is lightly wounded.
The sky beast misses you.
You barely miss the sky beast. You tail-slap the sky beast.
The sky beast is lightly wounded.
The sky beast barely misses you.
You closely miss the sky beast.
The sky beast is lightly wounded.
The sky beast hits you. The sky beast shocks you.
You closely miss the sky beast.
Your tail-slap misses the sky beast.
The sky beast is lightly wounded.
The sky beast hits you. The sky beast shocks you.
You are too injured to fight recklessly!
You are too injured to fight recklessly!
You are too injured to fight recklessly!
You are too injured to fight recklessly!
You are too injured to fight recklessly!
You are too injured to fight recklessly!
You are too injured to fight recklessly!
You are too injured to fight recklessly!
You are too injured to fight recklessly!
You are too injured to fight recklessly!
You are too injured to fight recklessly!
You are too injured to fight recklessly!
You are too injured to fight recklessly!
You are too injured to fight recklessly!
You are too injured to fight recklessly!
You are too injured to fight recklessly!
You are too injured to fight recklessly!
You are too injured to fight recklessly!
You are too injured to fight recklessly!
You are too injured to fight recklessly!
You are too injured to fight recklessly!
You are too injured to fight recklessly!
You are too injured to fight recklessly!
You hit the sky beast.
The sky beast is moderately wounded.
The sky beast flickers out of sight!
Deactivating autopickup; reactivate with Ctrl-A.
Something hits you but does no damage.
You closely miss something. Something barely misses you.
You closely miss something. Something hits you. Something shocks you.
You miss something. Something hits you but does no damage.
You closely miss something. You tail-slap something.
Something hits you but does no damage.
You closely miss something. Something hits you. Something shocks you.
You hit something. Something hits you.
* * * LOW HITPOINT WARNING * * *
Something shocks you.
* * * LOW HITPOINT WARNING * * *
You miss something. Something hits you.
* * * LOW HITPOINT WARNING * * *
Something shocks you.
You die...

##.........# #..#
#..........###...# ..#
###..##)...#.....# ....#
##..............# .....##
###........#.......
#.....<###..........#.......
##......##.....#............
#........#.....#......##....
..........{@#..###..#.......
#......#.###.###..##......
##.....#.........###..##.. *
* ##.......................
, #.............#..........
......................###.
#....###.#............####..
,#....#
..#............###... *
........##..#.....##..##....


There were no monsters in sight!

Vanquished Creatures
  4 adders (D:3)
  4 worms
  3 dart slugs
  4 leopard geckos
  2 orcs
  2 ball pythons
  3 giant cockroaches
  4 goblins
  3 hobgoblins
  3 quokkas (D:3)
  7 bats
  A frilled lizard (D:1)
  6 kobolds
  5 rats
51 creatures vanquished.

Notes
Turn   | Place    | Note
-------+----------+-------------------------------------------
     0 | D:1      | MisterOstroum the Draconian Monk began the quest for the
                  | Orb.
     0 | D:1      | Reached XP level 1. HP: 19/19 MP: 2/2
   138 | D:1      | Reached XP level 2. HP: 26/26 MP: 3/3
   511 | D:1      | Reached XP level 3. HP: 33/33 MP: 4/4
  2006 | D:3      | Found a shattered altar of Ashenzari.
  2025 | D:3      | Became a worshipper of Ashenzari the Shackled
  2025 | D:3      | Reached * piety under Ashenzari
  2025 | D:3      | Reached ** piety under Ashenzari
  2089 | D:3      | Found a glowing silver altar of Zin.
  2141 | D:3      | Reached XP level 4. HP: 19/40 MP: 5/5
  2569 | D:4      | Noticed a phantom
  2746 | D:4      | Noticed a sky beast
  2765 | D:4      | Slain by a sky beast

Skill      XL: |  1  2  3 |
---------------+----------+-----
Polearms       | 4 |  4.3
Fighting       | 4 |  4.7
Dodging        | |  2.7
Stealth        | |  2.0
Invocations    | |  2.1

Action                   |  1- 3 |  4- 6 || total
-------------------------+-------+-------++-------
Melee: Spear             |   211 |    40 ||   251
       Tailslap          |    19 |     5 ||    24
       Trident           |       |    14 ||    14
Throw: Stone             |     4 |     8 ||    12
Invok: Curse Item        |     5 |     1 ||     6
  Use: Scroll            |     2 |     4 ||     6
       Potion            |     1 |       ||     1
 Stab: Sleeping          |     3 |     4 ||     7
  Eat: Chunk             |    11 |     6 ||    17
Armor: Skin              |    34 |    12 ||    46
Dodge: Dodged            |    89 |    15 ||   104
